 Dungeon Crawl Stone Soup version 0.21-a0-150-gc243083 (webtiles) character file.

1416 KarmaPolice the Magician (level 9, -1/88 HPs)
             Began as a Human Wizard on July 29, 2017.
             Was an Initiate of Vehumet.
             Succumbed to an orc wizard's poison
             ... on level 5 of the Dungeon.
             The game lasted 00:48:34 (9239 turns).

KarmaPolice the Magician (Human Wizard)             Turns: 9239, Time: 00:48:35

Health: -1/88      AC: 24    Str:  9    XL:     9   Next: 2%
Magic:  18/18      EV:  2    Int: 23    God:    Vehumet [......]
Gold:   275        SH:  0    Dex: 16    Spells: 7/20 levels left

rFire    . . .     SeeInvis .   p - +2 dagger (drain)
rCold    + . .     Gourm    .   (no shield)
rNeg     + + +     Faith    .   (armour currently unavailable)
rPois    +         Spirit   .   (helmet currently unavailable)
rElec    .         Reflect  .   (cloak currently unavailable)
rCorr    .         Harm     .   (gloves currently unavailable)
MR       .....     NoTele   +   (boots currently unavailable)
Stlth    +++.......             (no amulet)
HPRegen  0.24/turn              e - +2 ring of evasion
MPRegen  0.16/turn              h - ring of protection from cold

@: agile, lethally poisoned (-1 -> -30), tree-form
A: clever 1, wild magic 1
a: Renounce Religion


You were on level 5 of the Dungeon.
You worshipped Vehumet.
Vehumet was noncommittal.
You were not hungry.
You were a tree.
You visited 2 branches of the dungeon, and saw 7 of its levels.

You collected 408 gold pieces.
You spent 133 gold pieces at shops.

Inventory:

Hand Weapons
 p - a +2 dagger of draining (weapon)
Armour
 a - a +0 robe
 b - a +0 hat (melded)
 D - the +3 leather armour "Jacw" (melded) {MR- Str+8 Slay+2}
   (You bought it in a shop on level 4 of the Dungeon)

   It affects your strength (+8).
   It affects your accuracy and damage with ranged weapons and melee attacks
   (+2).
   It affects your resistance to hostile enchantments.
Jewellery
 e - a +2 ring of evasion (left branch)
 h - a ring of protection from cold (right branch)
 o - an uncursed ring of positive energy {unknown}
 A - an uncursed ring of stealth {unknown}
Wands
 v - a wand of lightning (0/15)
 x - a wand of digging (12/24)
 E - a wand of polymorph (7/24)
Scrolls
 f - 2 scrolls of magic mapping {unknown}
 i - a scroll of recharging {unknown}
 j - 2 scrolls of identify
 k - 5 scrolls of remove curse
 q - 2 scrolls of amnesia
 s - 2 scrolls of noise {unknown}
 t - a scroll of fear {unknown}
 u - a scroll of blinking {unknown}
 y - 2 scrolls of enchant armour {unknown}
Potions
 g - a potion of berserk rage
 m - a potion of haste
Books
 c - a book of Minor Magic

   Spells                             Type                      Level
   a - Magic Dart                     Conjuration                  1
   b - Blink                          Translocation                2
   c - Call Imp                       Summoning                    2
   d - Slow                           Hexes                        2
   e - Conjure Flame                  Conjuration/Fire             3
   f - Mephitic Cloud                 Conjuration/Poison/Air       3
 B - a book of Frost

   Spells                             Type                      Level
   a - Freeze                         Ice                          1
   b - Throw Frost                    Conjuration/Ice              2
   c - Ozocubu's Armour               Charms/Ice                   3
   d - Throw Icicle                   Conjuration/Ice              4
   e - Summon Ice Beast               Ice/Summoning                4
 C - a book of Air

   Spells                             Type                      Level
   a - Shock                          Conjuration/Air              1
   b - Swiftness                      Charms/Air                   2
   c - Static Discharge               Conjuration/Air              3
   d - Airstrike                      Air                          4
   e - Lightning Bolt                 Conjuration/Air              5
Comestibles
 d - 9 bread rations
 l - 4 chunks of flesh
 r - 3 royal jellies
 F - 2 fruits


   Skills:
 - Level 1.0 Fighting
 - Level 2.6 Short Blades
 - Level 2.0 Dodging
 - Level 2.0 Stealth
 + Level 6.0 Spellcasting
 + Level 5.7 Conjurations
 - Level 4.0 Summonings
 - Level 1.0 Translocations
 + Level 3.7 Air Magic


You had 7 spell levels left.
You knew the following spells:

 Your Spells              Type           Power        Failure   Level  Hunger
a - Magic Dart            Conj           ####         1%          1    None
b - Call Imp              Summ           ####....     4%          2    None
c - Blink                 Tloc           N/A          13%         2    None
d - Mephitic Cloud        Conj/Pois/Air  ####....     11%         3    #......
e - Lightning Bolt        Conj/Air       #####.....   43%         5    #####..


Dungeon Overview and Level Annotations

Branches:
Dungeon (6/15)             Temple (1/1) D:6

Altars:
Dithmenos
Nemelex Xobeh
Qazlal
Sif Muna
Vehumet
Wu Jian
Xom
Yredelemnul
Zin

Shops:
D:4 *   D:6 !

Annotations:
D:4 p0werm0de's ghost, amateur HuWr


Innate Abilities, Weirdness & Mutations

Your mind is acute. (Int +2)
Your spells are a little harder to cast, but a little more powerful.


Message History

Unknown command.
You cannot move. (Use ctrl+direction to attack without moving.) Unknown command.
* * * LOW HITPOINT WARNING * * *
You feel very sick. Something hits you but does no damage.
Your magical contamination has completely faded away.
You feel less invigorated.
You feel less confused.
* * * LOW HITPOINT WARNING * * *
You feel very sick.
Something hits you but does no damage. x2
* * * LOW HITPOINT WARNING * * *
You feel very sick. Something hits you but does no damage.
* * * LOW HITPOINT WARNING * * *
You feel very sick.
Your iron imp disappears in a puff of smoke!
Something hits you but does no damage. x2
You die...

.......#...............#
###'####...####.########
###..##########[##(...##
.#..........#..........#
.#..........#.........##########
.'..........#.........##.......##
.#..........#.[........#........#
.#..........#.[5.>.....'........#
.#.....)....#..§♣......#.......##
####.##...###[[{##.)..##........#
#######...###...####(########'#.#
..........#.....#...(.##.......##
..........#.....#....(('........#
..........#.....#.....(#.......##
..........#.....#.....(#........#
.###..##..###...##....##........#
####..##..###...##....###########


You could see a friendly crimson imp.

Vanquished Creatures
  A yak (D:6)
  A sky beast (D:5)
  A centaur (D:5)
  A bullfrog (D:6)
  A killer bee (D:5)
  A crimson imp (D:5)
  A hound (D:6)
  2 bullfrog skeletons
  An orc wizard (D:6)
  2 iguanas
  2 worker ants (D:4)
  A hound zombie (D:6)
  2 gnolls (D:6)
  3 adders
  An ooze (D:4)
  2 worms
  4 leopard geckos
  5 orcs
  6 bats
  5 giant cockroaches
  4 goblins
  3 hobgoblins
  3 quokkas
  2 ball pythons
  4 frilled lizards
  3 kobolds
  5 rats
67 creatures vanquished.

Vanquished Creatures (collateral kills)
  Grinder (D:5)
  The ghost of Lunath the Ruffian, an amateur DrTm (D:3)
  3 phantoms
  2 scorpions (D:6)
  3 killer bees (D:5)
  A wight (D:6)
  An orc priest (D:6)
  A jelly (D:6)
  2 centaur skeletons
  A hound (D:6)
  An iguana (D:6)
  A gnoll shaman (D:6)
  3 orc wizards
  A worker ant (D:5)
  A killer bee zombie (D:6)
  A hound zombie (D:6)
  7 gnolls
  2 adders
  A shadow imp (D:5)
  2 worms
  A dart slug (D:4)
  9 orcs
  2 giant cockroaches
  A hobgoblin (D:1)
  A jackal (D:6)
  2 kobolds (D:2)
  A quokka (D:2)
  A frilled lizard (D:2)
  3 goblins
  A jackal zombie (D:5)
  6 rats
64 creatures vanquished.

Grand Total: 131 creatures vanquished

Notes
Turn   | Place    | Note
-------+----------+-------------------------------------------
     0 | D:1      | KarmaPolice the Human Wizard began the quest for the Orb.
     0 | D:1      | Reached XP level 1. HP: 13/13 MP: 4/4
    79 | D:1      | Found a sparkling altar of Nemelex Xobeh.
   517 | D:1      | Reached XP level 2. HP: 18/19 MP: 1/6
   567 | D:1      | Learned a level 2 spell: Call Imp
   570 | D:1      | Learned a level 2 spell: Blink
  1225 | D:2      | Reached XP level 3. HP: 24/24 MP: 2/7
  1410 | D:2      | Found a faded altar of an unknown god.
  1450 | D:2      | Found a shimmering altar of Xom.
  1963 | D:3      | Noticed Lunath's ghost (amateur DrTm)
  2130 | D:3      | Reached XP level 4. HP: 30/31 MP: 2/9
  2912 | D:3      | Reached skill level 1 in Fighting
  3018 | D:2      | Learned a level 3 spell: Mephitic Cloud
  3354 | D:3      | Killed Lunath's ghost
  3354 | D:3      | Reached skill level 1 in Short Blades
  3354 | D:3      | Reached XP level 5. HP: 13/37 MP: 1/10
  3623 | D:4      | Found a shadowy altar of Dithmenos.
  3651 | D:4      | Reached skill level 4 in Spellcasting
  3806 | D:4      | Reached XP level 6. HP: 34/43 MP: 4/12
  4141 | D:4      | Found Aperhiem's Assorted Antiques.
  4390 | D:4      | Found a deep blue altar of Sif Muna.
  4390 | D:4      | Found a stormy altar of Qazlal.
  4430 | D:4      | Noticed p0werm0de's ghost (amateur HuWr)
  4671 | D:5      | Entered Level 5 of the Dungeon
  4708 | D:5      | Noticed Grinder
  5475 | D:5      | Paralysed by Grinder for 6 turns
  5497 | D:5      | Killed Grinder
  5497 | D:5      | Reached XP level 7. HP: 48/48 MP: 13/13
  5978 | D:4      | Learned a level 5 spell: Lightning Bolt
  5978 | D:4      | Bought a translucent leather armour for 133 gold pieces
  5978 | D:4      | Identified the +3 leather armour "Jacw" {MR- Str+8 Slay+2} (You bought it in a shop on level 4 of the Dungeon)
  6639 | D:5      | Reached skill level 1 in Air Magic
  6875 | D:5      | Reached XP level 8. HP: 52/54 MP: 7/15
  7112 | D:5      | Reached skill level 5 in Spellcasting
  7243 | D:5      | Gained mutation: Your spells are a little harder to cast, but a little more powerful. [potion of mutation]
  7243 | D:5      | Gained mutation: Your mind is acute. (Int +2) [potion of mutation]
  8015 | D:6      | Reached skill level 5 in Conjurations
  8196 | D:6      | Found a stormy altar of Qazlal.
  8284 | D:6      | Found a staircase to the Ecumenical Temple.
  8302 | Temple   | Entered the Ecumenical Temple
  8326 | Temple   | Became a worshipper of Vehumet
  8465 | D:6      | Found Rukhirul's Distillery.
  8907 | D:6      | Noticed a yak
  8912 | D:6      | Noticed a yak
  8917 | D:6      | Noticed a yak
  8922 | D:6      | Killed a yak
  9043 | D:5      | Reached skill level 6 in Spellcasting
  9043 | D:5      | Reached XP level 9. HP: 21/59 MP: 2/18
  9237 | D:5      | HP: 4/88 [poisoned by an orc wizard]
  9239 | D:5      | Succumbed to an orc wizard's poison

Vault maps used:
D:1:      mrwooster_arrival_statue_2, nemelex_xobeh_ov_fountains_minmay
D:2:      cheibrodos_pilgrimage, lemuel_crystal_altar,
          chequers_ecumenical_altar_simple_redux, st_stairs_7,
          minmay_crystal_water, roderic_serpentine_path
D:4:      gammafunk_temple_overflow_elements, first_bread, serial_shops,
          nicolae_shop_behind_doors, grunt_dithmenos_smoke
D:5:      uniq_grinder
D:6:      temple_pool_b, serial_shops, nicolae_shop_waterfront,
          grunt_qazlal_sundering
Temple:   hc_temple_tempest_star

Skill      XL: |  1  2  3  4  5  6  7  8 |
---------------+-------------------------+-----
Conjurations   | 2 3 4 5 |  5.7
Fighting       | 1 |  1.0
Short Blades   | 1 2 |  2.6
Summonings     | 2 3 4 |  4.0
Spellcasting   | 4 6 |  6.0
Air Magic      | 1 3 |  3.7
Dodging        | |  2.0
Stealth        | |  2.0
Translocations | |  1.0

Action                   |  1- 3 |  4- 6 |  7- 9 || total
-------------------------+-------+-------+-------++-------
Melee: Unarmed           |    30 |       |       ||    30
       Dagger            |    10 |   103 |   173 ||   286
 Cast: Magic Dart        |    30 |     4 |     5 ||    39
       Call Imp          |    25 |   101 |   151 ||   277
       Blink             |       |       |     2 ||     2
Evoke: Wand              |       |       |     2 ||     2
  Use: Potion            |       |     2 |     7 ||     9
       Scroll            |       |       |     8 ||     8
 Stab: Sleeping          |       |     4 |       ||     4
       Distracted        |       |     2 |     2 ||     4
  Eat: Chunk             |     4 |     8 |    12 ||    24
       Meat ration       |       |     1 |       ||     1
Armor: Robe              |     7 |    11 |       ||    18
       Leather armour    |       |       |    50 ||    50
       Skin              |       |       |     7 ||     7
Dodge: Dodged            |    31 |    66 |   136 ||   233
